 Dungeon Crawl Stone Soup version 0.31.0-11-ge490571c62 (webtiles) character file.

Game seed: 9589966230141682870

14007 sanka the Martial Artist (level 12, -1/102 HPs)
             Began as a Merfolk Shapeshifter on Feb 3, 2024.
             Was a Priest of Okawaru.
             Killed from afar by a fire dragon (44 damage)
             ... with a blast of flame
             ... on level 9 of the Dungeon.
             The game lasted 00:18:35 (10775 turns).

sanka the Martial Artist (Merfolk Shapeshifter)    Turns: 10775, Time: 00:18:35

Health: -1/102     AC:  5    Str: 15    XL:     12   Next: 12%
Magic:  14/15      EV: 36    Int:  9    God:    Okawaru [***...]
Gold:   965        SH:  0    Dex: 24    Spells: 11/11 levels left

rFire   . .          .
                       - Unarmed
rCold   . . .        (shield currently unavailable)
rNeg    . . .        a - melded +0 animal skin
rPois   .            f - +0 helmet
rElec   .            u - +0 cloak
rCorr   .            (no gloves)
SInv    .            y - +2 pair of boots
Will    .....        Q - amulet of regeneration
Stlth   ++           O - +6 ring of dexterity
HPRegen 1.17/turn    p - +5 ring of evasion
MPRegen 0.14/turn

%: no passive effects
@: flux-form, heroic, glowing
A: glow, contaminating, (nimble swimmer 2), mertail
a: Begin Untransformation, Renounce Religion, Heroism


You were on level 9 of the Dungeon.
You worshipped Okawaru.
Okawaru was most pleased with you.
You were something dangerously unstable.
You visited 2 branches of the dungeon, and saw 13 of its levels.

You collected 965 gold pieces.


Innate Abilities, Weirdness & Mutations

You are something dangerously unstable.
You glow with magical radiation, making you easy to see and hit.
Foes you strike become dangerously contaminated with magical radiation.
You are incapable of wielding weapons or throwing items.
((You are very nimble when in or above water. (Stealth+, EV+, Speed+++)))
Your lower body shifts to a powerful aquatic tail in water.


   Skills:
 + Level 11.8(16.8) Fighting
 - Level 12.0(17.0) Dodging
 + Level 13.0(18.0) Unarmed Combat
 - Level 5.0 Invocations
 - Level 7.0 Shapeshifting


You had 11 spell levels left.
You didn't know any spells.
Your spell library contained the following spells:

 Spells                   Type           Power      Damage    Failure   Level
 Sublimation of Blood     Necr           0%         N/A       52%         2
 Sigil of Binding         Hex            0%         N/A       77%         3
 Dimensional Bullseye     Hex/Tloc       0%         N/A       99%         4
 Call Imp                 Summ           Unusable   N/A       N/A         2
 Call Canine Familiar     Summ           Unusable   N/A       N/A         3
 Summon Hydra             Summ           Unusable   N/A       N/A         7

Inventory:

Missiles
 t - 4 curare-tipped darts {=f}
Armour
 a - a +0 animal skin (melded)
 f - a +0 helmet (worn)
 u - a +0 cloak (worn)
 y - a +2 pair of boots (worn)
Jewellery
 p - a +5 ring of evasion (right hand)
 I - a ring of see invisible
 K - a ring of flight
 N - a ring of resist corrosion
 O - a +6 ring of dexterity (left hand)
 Q - an amulet of regeneration (around neck)
Talismans
 d - a flux talisman (active)
 e - a beast talisman
 m - a talisman of death
 P - a flux talisman (active)
Wands
 z - a wand of iceblast (12)
 H - a wand of flame (7)
 M - a wand of mindburst (10)
Scrolls
 h - 2 scrolls of enchant armour
 i - 4 scrolls of teleportation {@r4}
 j - 2 scrolls of poison {!r}
 l - a scroll of blinking
 n - a scroll of noise {!r}
 o - 2 scrolls of vulnerability {!r}
 x - a scroll of immolation {!r}
 C - a scroll of fear
 D - a scroll of enchant weapon
 E - a scroll of revelation {unknown}
 J - a scroll of fog
 L - a scroll of torment {unknown}
Potions
 b - 4 potions of lignification {!q}
 c - 3 potions of ambrosia {unknown}
 g - 3 potions of heal wounds {unknown}
 k - 10 potions of curing {unknown}
 q - a potion of enlightenment {unknown}
 r - 2 potions of resistance {unknown}
 s - 3 potions of mutation {unknown}
 v - a potion of brilliance {unknown}
 w - 4 potions of berserk rage {unknown}
 A - a potion of invisibility {unknown}
 B - a potion of cancellation {unknown}
 F - a potion of might {unknown}
 G - a potion of degeneration {unknown}

Dungeon Overview and Level Annotations

Branches:
Dungeon (12/15)            Temple (1/1) D:7             Orc (0/2) D:9
   Lair: D:8-11

Altars:
Ashenzari
Cheibriados
Dithmenos
Elyvilon
Fedhas
Gozag
Hepliaklqana
Kikubaaqudgha
Makhleb
Nemelex Xobeh
Okawaru
Qazlal
Ru
Sif Muna
Trog
Uskayaw
Vehumet
Wu Jian
Xom
Yredelemnul
Zin
The Shining One

Shops:
D:9 (

Portals:
Trove: D:10 (give 6 scrolls of fear)

Annotations:
D:5 2 transporters, t4s4d4r's ghost, amateur OpSh
D:9 exclusion: downstairs

▒..▒ ▒▒.▒ ▒.▒▒▒▒
▒....▒ ▒▒▒▒.▒ ▒▒▒▒
▒▒.▒ ≈~...▒▒▒▒ ▒..▒
~.......▒▒ ▒▒▒▒▒▒.▒▒
~........▒▒▒▒▒p.....▒
≈~.......D.....▒▒▒▒▒▒
≈D.........▒▒▒▒▒
~~~......▒▒▒
.~~~....▒▒ ~~≈≈..▒▒▒
≈≈≈▒▒▒ ▒▒▒


You could see a fire dragon (catching breath).


Message History

Aiming: Throw Flame
Press: ? - help, Shift-Dir - straight line, f/p - electric eel
Aim: an electric eel (water, severely wounded, 48% to hit)
The puff of flame misses the electric eel.
The electric eel is engulfed in a cloud of scalding steam.
You kill the electric eel!
Okawaru accepts your kill.
Unknown command.
Okay, then.
Q - an amulet of regeneration You finish putting on your amulet of regeneration.
The amulet throbs as it attunes itself to your uninjured body.
Q - an amulet of regeneration (around neck) Unknown command.
Unknown command.
Okay, then.
Okay, then.
Okay, then.
Use which ability? (? or * to list)
You gain the combat prowess of a mighty hero.
A steam dragon comes into view.
The fire dragon breathes flames at you. The blast of flame hits you!!!
You hear an angry hiss.
The fire dragon breathes flames at you. The blast of flame hits you!!
* * * LOW HITPOINT WARNING * * *
The fire dragon breathes flames at you. The blast of flame hits you!!!
You die...

Action                     |  1- 3 |  4- 6 |  7- 9 | 10-12 || total
---------------------------+-------+-------+-------+-------++-------
  Melee: Unarmed           |    96 |   164 |   286 |   397 ||   943
         Punch             |     1 |     3 |       |       ||     4
         Tailslap          |       |       |       |    26 ||    26
 Invoke: Heroism           |       |       |       |     6 ||     6
  Evoke: Wand              |       |       |       |     3 ||     3
    Use: Scroll            |       |       |       |    10 ||    10
   Stab: Sleeping          |       |     2 |       |       ||     2
 Armour: Animal skin       |    65 |    35 |       |       ||   100
         Skin              |       |    14 |    86 |    89 ||   189
  Dodge: Dodged            |    58 |   100 |   281 |   376 ||   815
   Form: Flux              |       |     1 |       |       ||     1

Levels and vault maps discovered:
D:1:      lemuel_arrival_behind_the_door_small, layout_rooms
D:2:      layout_rooms, basic_altar, basic_ecumenical_altar,
          minmay_split_cup_small, uniq_robin
D:3:      layout_loops_cross, kennysheep_doodads, kennysheep_generic_room_9
D:4:      layout_layer_cave, chequers_serial_rivers_room_a, uniq_blork_the_orc
D:5:      layout_loops_ring, mainiacjoe_overflow_concentric_impassable,
          mainiacjoe_overflow_24_doors, general_overflow_altar,
          makhleb_blood_cavern_becter, gammafunk_ghost_mausoleum, uniq_eustachio
D:6:      layout_basic
D:7:      layout_loops_ring, minmay_temple_entry_antechambers
D:8:      layout_loops_ring, uniq_grum
D:9:      dragon1_lemuel, layout_loops_ring,
          mainiacjoe_overflow_surrounded_room, orc_david_3
D:10:     regret_index_malice_mire, layout_small_grid,
          kennysheep_okawaru_gauntlet, lair_entry_dummy, enter_trove_6,
          serial_bayou_pond_b
D:11:     layout_big_octagon, guppyfry_shop_venom
D:12:     layout_layer_cave, grunt_potential
Temple:   nicolae_temple_x_marks_the_god

Notes
Turn   | Place    | Note
-------+----------+-------------------------------------------
     0 | D:1      | sanka the Merfolk Shapeshifter began the quest for the Orb.
     0 | D:1      | Reached XP level 1. HP: 15/15 MP: 1/1
   381 | D:1      | HP: 1/15 [hobgoblin (1)]
   383 | D:1      | Reached XP level 2. HP: 2/21 MP: 2/2
   526 | D:2      | Reached skill level 5 in Shapeshifting
   613 | D:2      | Reached XP level 3. HP: 15/26 MP: 3/3
   849 | D:2      | Noticed Robin
  1062 | D:2      | Killed Robin
  1063 | D:2      | Reached skill level 6 in Shapeshifting
  1063 | D:2      | Reached XP level 4. HP: 15/32 MP: 4/4
  1135 | D:2      | Found a shimmering altar of Xom.
  1332 | D:2      | Found a faded altar of an unknown god.
  2219 | D:3      | Reached XP level 5. HP: 37/37 MP: 5/5
  2338 | D:4      | Reached skill level 7 in Shapeshifting
  2417 | D:4      | Reached skill level 2 in Fighting
  2468 | D:4      | Noticed Blork the orc
  2479 | D:4      | Killed Blork the orc
  2480 | D:4      | Reached skill level 4 in Unarmed Combat
  2480 | D:4      | Reached XP level 6. HP: 42/46 MP: 6/6
  2802 | D:4      | Reached skill level 3 in Fighting
  3104 | D:4      | Reached skill level 5 in Unarmed Combat
  3592 | D:4      | Reached skill level 6 in Unarmed Combat
  3592 | D:4      | Reached XP level 7. HP: 51/52 MP: 7/7
  3710 | D:5      | Entered Level 5 of the Dungeon
  3739 | D:5      | Noticed Eustachio
  3757 | D:5      | Reached skill level 7 in Unarmed Combat
  3764 | D:5      | HP: 5/52 [ufetubus[Eustachio] (5)]
  3978 | D:5      | Found a broken altar of Ashenzari.
  4042 | D:5      | Found a shadowy altar of Dithmenos.
  4081 | D:5      | Reached skill level 8 in Unarmed Combat
  4239 | D:5      | Reached XP level 8. HP: 58/58 MP: 8/8
  4480 | D:5      | Killed Eustachio
  4481 | D:5      | Reached skill level 9 in Unarmed Combat
  4627 | D:5      | Found a sparkling altar of Nemelex Xobeh.
  4690 | D:5      | Found a transporter.
  4697 | D:5      | Noticed t4s4d4r's ghost (amateur OpSh)
  4699 | D:5      | Found a transporter.
  4895 | D:5      | Found a burning altar of Makhleb.
  5086 | D:6      | Reached skill level 10 in Unarmed Combat
  5225 | D:6      | Reached skill level 3 in Dodging
  5382 | D:6      | Reached skill level 4 in Dodging
  5423 | D:6      | Reached skill level 4 in Fighting
  5423 | D:6      | Reached skill level 5 in Dodging
  5423 | D:6      | Reached XP level 9. HP: 65/65 MP: 9/9
  5722 | D:6      | Reached skill level 6 in Dodging
  6089 | D:7      | Reached skill level 7 in Dodging
  6131 | D:7      | Reached skill level 5 in Fighting
  6304 | D:7      | Reached skill level 8 in Dodging
  6409 | D:7      | Reached skill level 6 in Fighting
  6650 | D:7      | Found a staircase to the Ecumenical Temple.
  6689 | Temple   | Entered the Ecumenical Temple
  6969 | D:8      | Reached skill level 7 in Fighting
  7090 | D:8      | Reached skill level 8 in Fighting
  7097 | D:8      | Reached XP level 10. HP: 40/80 MP: 10/10
  7442 | D:8      | Noticed Grum
  7456 | D:8      | Reached skill level 9 in Dodging
  7470 | D:8      | Killed Grum
  7634 | D:8      | Reached skill level 9 in Fighting
  8316 | D:11     | Reached skill level 11 in Unarmed Combat
  8402 | D:10     | Entered Level 10 of the Dungeon
  8449 | D:10     | Found an iron altar of Okawaru.
  8454 | D:10     | Noticed a two-headed ogre
  8468 | D:10     | Killed a two-headed ogre
  8469 | D:10     | Reached skill level 10 in Dodging
  8473 | D:10     | Became a worshipper of Warmaster Okawaru
  8482 | D:10     | Noticed an unseen horror
  8486 | D:10     | Killed an unseen horror
  8601 | D:10     | Reached skill level 10 in Fighting
  8601 | D:10     | Reached XP level 11. HP: 77/90 MP: 11/11
  8696 | D:10     | Reached * piety under Okawaru
  8744 | D:10     | Noticed a salamander
  8747 | D:10     | a salamander changed into a howler monkey
  8756 | D:10     | Noticed an entropy weaver
  8762 | D:10     | an entropy weaver changed into a yak
  8766 | D:10     | Reached skill level 1 in Invocations
  8776 | D:10     | Noticed a red ugly thing
  8811 | D:10     | Reached skill level 2 in Invocations
  8875 | D:10     | Noticed a cyan ugly thing
  8882 | D:10     | Noticed a two-headed ogre
  8893 | D:10     | Killed a red ugly thing
  8894 | D:10     | Reached skill level 3 in Invocations
  8900 | D:10     | Killed a cyan ugly thing
  8901 | D:10     | Reached skill level 4 in Invocations
  8907 | D:10     | Killed a two-headed ogre
  8908 | D:10     | Reached skill level 5 in Invocations
  9078 | D:10     | Noticed a salamander
  9091 | D:10     | Noticed a cyan ugly thing
  9102 | D:10     | Killed a salamander
  9103 | D:10     | Reached skill level 11 in Dodging
  9116 | D:10     | Killed a green ugly thing
  9116 | D:10     | Reached ** piety under Okawaru
  9355 | D:10     | Noticed a two-headed ogre
  9368 | D:10     | Killed a two-headed ogre
  9369 | D:10     | Reached skill level 12 in Unarmed Combat
  9475 | D:10     | Noticed an ogre mage
  9489 | D:10     | Killed an ogre mage
  9548 | D:10     | Noticed a green ugly thing
  9555 | D:10     | Noticed a red ugly thing
  9667 | D:10     | Killed a green ugly thing
  9673 | D:10     | Killed a white ugly thing
  9674 | D:10     | Reached skill level 11 in Fighting
  9801 | D:10     | Found a portal to a secret trove of treasure.
  9923 | D:10     | Identified +0 acid dragon scales
  9924 | D:10     | Reached skill level 12 in Dodging
 10192 | D:9      | Found a shimmering altar of Xom.
 10263 | D:9      | Reached *** piety under Okawaru
 10263 | D:9      | Identified +0 steam dragon scales
 10467 | D:9      | Found Jineoc Inyh's Weapon Shoppe.
 10467 | D:9      | Found a staircase to the Orcish Mines.
 10496 | D:9      | Noticed a two-headed ogre
 10503 | D:9      | Killed a two-headed ogre
 10504 | D:9      | Reached XP level 12. HP: 80/100 MP: 15/15
 10690 | D:9      | Reached skill level 13 in Unarmed Combat
 10763 | D:9      | Noticed a fire dragon
 10775 | D:9      | Killed from afar by a fire dragon

Vanquished Creatures
  An ogre mage (D:10)
  4 two-headed ogres
  5 ugly things (D:10)
  A salamander (shapeshifter) (D:10)
  An unseen horror (D:10)
  A queen bee (shapeshifter) (D:10)
  A vampire (D:12)
  11 yaks
  A shadow (D:10)
  A yak (shapeshifter) (D:10)
  Eustachio (D:5)
  A wyvern (D:10)
  A basilisk (D:11)
  2 steam dragons
  6 vampire mosquitoes (D:10)
  Grum (D:8)
  An acid dragon (D:10)
  2 water moccasins
  4 ice beasts
  5 orc warriors
  A sky beast (D:7)
  A black bear (D:5)
  3 wolves (D:8)
  4 ogres
  A centaur (D:8)
  Blork the orc (D:4)
  4 kobold brigands
  4 phantoms
  4 bullfrogs
  A wyvern zombie (D:10)
  A gnoll sergeant (D:10)
  2 scorpions
  3 wights (D:9)
  6 killer bees
  4 howler monkeys
  2 electric eels (D:9)
  A bombardier beetle (D:5)
  5 hounds
  4 jellies
  3 orc priests
  A sleepcap (D:5)
  A gnoll bouda (D:10)
  2 iguanas
  5 orc wizards
  Robin (D:2)
  10 gnolls (D:10)
  5 adders
  A shadow imp (D:6)
  3 white imps
  2 ufetubi (D:7)
  4 ribbon worms
  3 dart slugs
  27 orcs
  5 endoplasms
  4 giant cockroaches
  22 goblins
  7 hobgoblins
  5 quokkas
  4 ball pythons
  6 bats
  25 kobolds
  2 rats (D:2)
251 creatures vanquished.
